BlueJackets vs Ducks

Created - February 14 2008 at 21:31

Goals
1 2 3 T
BlueJackets 2 0 0 2
Ducks 3 1 0 4
Shots
1 2 3 T
BlueJackets 11 9 4 24
Ducks 11 16 18 45

Period #1

1. Ducks , Daniel Sedin 21 (Hal Gill, Richard Park) at 2:16
2. BlueJackets , Nick Schultz 6 (Anze Kopitar, Fredrik Modin) at 6:46
3. BlueJackets , Teemu Selanne 31 (Christian Ehrhoff, Alexander Svitov) at 8:07
4. Ducks , Petr Cajanek 9 (Richard Park, Bryan Allen) at 10:40
5. Ducks , Andrew Brunette 21 (Paul Stastny) at 16:36

Penalties :
Mike Fisher (ANA) for Tripping (Minor) at 2:04, Patrick Marleau (CBJ) for Roughing (Minor) at 2:04, Sean O'Donnell (ANA) for Roughing (Minor) at 11:15, Petr Cajanek (ANA) for Tripping (Minor) at 18:23

Period #2

6. Ducks , Daniel Sedin 22 (Chris Pronger, Todd Marchant) at 8:09

Penalties :
Jason Smith (CBJ) for Hooking (Minor) at 3:29, Henrik Sedin (ANA) for Hooking (Minor) at 13:34, Dan Girardi (CBJ) for Slashing (Minor) at 18:44

Period #3

No Goal

Penalties :
Patrick Marleau (CBJ) for Slashing (Minor) at 12:44, Anze Kopitar (CBJ) for Diving (Minor) at 16:04

Goalie Stats

Jaroslav Halak (CBJ), 24 saves from 24 shots - (1.000), 31:51 minutes
Niklas Backstrom (CBJ), 17 saves from 21 shots - (0.810), L, 22-25-4, 28:09 minutes
Ilya Bryzgalov (ANA), 22 saves from 24 shots - (0.917), W, 5-5-0, 60:00 minutes

Players Stats

BlueJackets
Player Name              G  A  P  +/- PIM S  H  SB FO MP 
-----------------------------------------------------------
Alexander Svitov         0  1  1   1  0   0  0  0  3  2  
Anze Kopitar             0  1  1   0  2   2  1  0  15 18 
Brent Burns              0  0  0  -1  0   1  2  2  0  23 
Bryan Berard             0  0  0  -2  0   0  2  0  0  16 
Christian Ehrhoff        0  1  1   1  0   1  0  0  0  25 
Dan Fritsche             0  0  0  -1  0   3  1  1  10 22 
Dan Girardi              0  0  0  -2  2   0  1  1  0  16 
Erik Christensen         0  0  0   1  0   0  0  0  0  2  
Fredrik Modin            0  1  1   0  0   0  0  1  3  20 
Jason Chimera            0  0  0  -2  0   4  3  0  0  16 
Jason Smith              0  0  0   1  2   1  2  5  0  24 
Martin St. Louis         0  0  0   0  0   0  0  0  0  0  
Mike Grier               0  0  0  -2  0   1  1  0  0  16 
Nick Schultz             1  0  1  -1  0   2  1  1  0  23 
Patrick Marleau          0  0  0   0  4   4  0  0  20 21 
Steve Rucchin            0  0  0  -2  0   1  0  0  19 16 
Teemu Selanne            1  0  1   1  0   3  0  1  10 24 
Vyacheslav Kozlov        0  0  0  -1  0   1  2  0  0  22 
Ducks
Player Name              G  A  P  +/- PIM S  H  SB FO MP 
-----------------------------------------------------------
Andrew Brunette          1  0  1  -1  0   6  1  0  2  19 
Bryan Allen              0  1  1   1  0   2  3  2  0  24 
Chris Pronger            0  1  1   1  0   3  1  0  0  23 
Daniel Sedin             2  0  2   2  0   10 0  0  0  24 
Dean Mcammond            0  0  0  -1  0   0  0  0  2  7  
Francois Beauchemin      0  0  0   0  0   2  1  2  0  25 
Hal Gill                 0  1  1   2  0   0  0  1  0  17 
Henrik Sedin             0  0  0   0  2   4  0  0  13 18 
Marek Malik              0  0  0   0  0   1  3  0  0  17 
Mike Fisher              0  0  0   0  2   6  0  0  0  20 
Mike Sillinger           0  0  0   2  0   4  1  0  0  13 
Paul Stastny             0  1  1  -1  0   2  2  0  21 21 
Petr Cajanek             1  0  1   1  2   2  0  0  9  8  
Richard Park             0  2  2   2  0   0  0  0  4  17 
Rob Niedermayer          0  0  0  -1  0   1  2  0  10 26 
Scott Niedermayer        0  0  0   0  0   0  0  0  0  0  
Sean O'Donnell           0  0  0   1  2   0  1  1  0  17 
Todd Marchant            0  1  1   1  0   2  0  0  19 13 

3 Stars

1 - Daniel Sedin (ANA)
2 - Richard Park (ANA)
3 - Teemu Selanne (CBJ)

Power Play

BlueJackets - 0 on 3 Attempt(s) - 0.00%
Ducks - 0 on 4 Attempt(s) - 0.00%

Penalty Kill

BlueJackets - 4 on 4 Attempt(s) - 100.00% - Score 0 goal in Penalty Kill
Ducks - 3 on 3 Attempt(s) - 100.00% - Score 0 goal in Penalty Kill

Game Notes

Jaroslav Halak enters game at 8:09 of 2nd period

Finance

Level 1 -- Attendance: 4064 (67.73%) -- Ticket Income $406,400.00
Level 2 -- Attendance: 3712 (88.93%) -- Ticket Income $222,720.00
Level 3 -- Attendance: 1401 (70.05%) -- Ticket Income $49,035.00
Level 4 -- Attendance: 3871 (96.78%) -- Ticket Income $77,420.00
Luxury Box -- Attendance: 699 (69.90%) -- Ticket Income $139,800.00
Game was played at the Arrowhead Pond
Total Attendance: 13747 (80.05%)
Total Ticket Income: $904,379.20
Other Income: $168,025.20
Total Income: $1,072,404.00


Play by Play

Period #1

0:01 of 1st period - Henrik Sedin wins face-off versus Patrick Marleau in neutral zone.
0:20 of 1st period - Shot by Daniel Sedin.
0:20 of 1st period - Stopped by Niklas Backstrom with a rebound.
0:22 of 1st period - Shot by Mike Fisher.
0:22 of 1st period - Stopped by Niklas Backstrom with a rebound.
0:24 of 1st period - Shot by Henrik Sedin.
0:24 of 1st period - Stopped by Niklas Backstrom without a rebound.
0:25 of 1st period - Paul Stastny wins face-off versus Anze Kopitar in BlueJackets zone.
1:25 of 1st period - Icing by Chris Pronger.
1:26 of 1st period - Patrick Marleau wins face-off versus Paul Stastny in Ducks zone.
1:38 of 1st period - Andrew Brunette is hit by Vyacheslav Kozlov and loses puck.
2:04 of 1st period - Minor Penalty to Mike Fisher for Tripping.
2:04 of 1st period - Minor Penalty to Patrick Marleau for Roughing.
2:05 of 1st period - Dan Fritsche wins face-off versus Richard Park in neutral zone.
2:16 of 1st period - Shot by Daniel Sedin.
2:16 of 1st period - Goal by Daniel Sedin - BlueJackets : 0 - Ducks : 1.
2:17 of 1st period - Teemu Selanne wins face-off versus Richard Park in neutral zone.
3:02 of 1st period - Off-side.
3:03 of 1st period - Dan Fritsche wins face-off versus Henrik Sedin in neutral zone.
3:21 of 1st period - Shot by Vyacheslav Kozlov.
3:21 of 1st period - Shot Blocked by Bryan Allen.
3:25 of 1st period - Shot by Vyacheslav Kozlov.
3:25 of 1st period - Deflect By Dan Fritsche.
3:25 of 1st period - Stopped by Ilya Bryzgalov without a rebound.
3:26 of 1st period - Teemu Selanne wins face-off versus Rob Niedermayer in Ducks zone.
3:36 of 1st period - Off-side.
3:37 of 1st period - Paul Stastny wins face-off versus Dan Fritsche in neutral zone.
3:47 of 1st period - Shot by Dan Fritsche.
3:47 of 1st period - Shot Misses the Net.
4:49 of 1st period - Icing by Bryan Berard.
4:50 of 1st period - Petr Cajanek wins face-off versus Steve Rucchin in BlueJackets zone.
5:49 of 1st period - Shot by Teemu Selanne.
5:49 of 1st period - Stopped by Ilya Bryzgalov with a rebound.
6:44 of 1st period - Shot by Anze Kopitar.
6:44 of 1st period - Shot Misses the Net.
6:46 of 1st period - Shot by Nick Schultz.
6:46 of 1st period - Goal by Nick Schultz - BlueJackets : 1 - Ducks : 1.
6:47 of 1st period - Henrik Sedin wins face-off versus Anze Kopitar in neutral zone.
7:58 of 1st period - Shot by Mike Sillinger.
7:58 of 1st period - Stopped by Niklas Backstrom without a rebound.
7:59 of 1st period - Alexander Svitov wins face-off versus Paul Stastny in BlueJackets zone.
7:59 of 1st period - Alexander Svitov is hit by Rob Niedermayer.
8:07 of 1st period - Shot by Teemu Selanne.
8:07 of 1st period - Goal by Teemu Selanne - BlueJackets : 2 - Ducks : 1.
8:08 of 1st period - Steve Rucchin wins face-off versus Rob Niedermayer in neutral zone.
8:11 of 1st period - Chris Pronger is hit by Jason Chimera and loses puck.
8:21 of 1st period - Paul Stastny is hit by Dan Girardi.
8:23 of 1st period - Shot by Andrew Brunette.
8:23 of 1st period - Stopped by Niklas Backstrom with a rebound.
8:25 of 1st period - Shot by Chris Pronger.
8:25 of 1st period - Shot Misses the Net.
8:29 of 1st period - Shot by Andrew Brunette.
8:29 of 1st period - Stopped by Niklas Backstrom with a rebound.
8:33 of 1st period - Shot by Andrew Brunette.
8:33 of 1st period - Deflect By Paul Stastny.
8:33 of 1st period - Shot Misses the Net.
9:19 of 1st period - Shot by Patrick Marleau.
9:19 of 1st period - Shot Misses the Net.
9:21 of 1st period - Shot by Vyacheslav Kozlov.
9:21 of 1st period - Deflect By Patrick Marleau.
9:21 of 1st period - Stopped by Ilya Bryzgalov with a rebound.
9:23 of 1st period - Shot by Vyacheslav Kozlov.
9:23 of 1st period - Shot Blocked by Bryan Allen.
9:25 of 1st period - Shot by Vyacheslav Kozlov.
9:25 of 1st period - Stopped by Ilya Bryzgalov with a rebound.
9:27 of 1st period - Shot by Jason Smith.
9:27 of 1st period - Shot Hit the Post.
9:31 of 1st period - Shot by Teemu Selanne.
9:31 of 1st period - Stopped by Ilya Bryzgalov without a rebound.
9:32 of 1st period - Paul Stastny wins face-off versus Anze Kopitar in Ducks zone.
9:32 of 1st period - Paul Stastny is hit by Anze Kopitar.
9:39 of 1st period - Shot by Paul Stastny.
9:39 of 1st period - Shot Misses the Net.
9:43 of 1st period - Shot by Paul Stastny.
9:43 of 1st period - Stopped by Niklas Backstrom without a rebound.
9:44 of 1st period - Todd Marchant wins face-off versus Anze Kopitar in BlueJackets zone.
10:01 of 1st period - Shot by Paul Stastny.
10:01 of 1st period - Shot Blocked by Dan Fritsche.
10:06 of 1st period - Todd Marchant is hit by Brent Burns.
10:36 of 1st period - Shot by Richard Park.
10:36 of 1st period - Shot Blocked by Fredrik Modin.
10:40 of 1st period - Shot by Petr Cajanek.
10:40 of 1st period - Goal by Petr Cajanek - BlueJackets : 2 - Ducks : 2.
10:41 of 1st period - Henrik Sedin wins face-off versus Patrick Marleau in neutral zone.
10:56 of 1st period - Shot by Henrik Sedin.
10:56 of 1st period - Stopped by Niklas Backstrom without a rebound.
10:57 of 1st period - Steve Rucchin wins face-off versus Paul Stastny in BlueJackets zone.
10:57 of 1st period - Steve Rucchin is hit by Andrew Brunette.
11:15 of 1st period - Minor Penalty to Sean O'Donnell for Roughing.
11:16 of 1st period - Todd Marchant wins face-off versus Patrick Marleau in Ducks zone.
11:25 of 1st period - Shot by Patrick Marleau.
11:25 of 1st period - Shot Hit the Post.
11:29 of 1st period - Shot by Patrick Marleau.
11:29 of 1st period - Stopped by Ilya Bryzgalov without a rebound.
11:30 of 1st period - Todd Marchant wins face-off versus Patrick Marleau in Ducks zone.
11:48 of 1st period - Off-side.
11:49 of 1st period - Anze Kopitar wins face-off versus Rob Niedermayer in neutral zone.
11:52 of 1st period - Dean Mcammond is hit by Dan Fritsche and loses puck.
12:07 of 1st period - Shot by Dan Fritsche.
12:07 of 1st period - Stopped by Ilya Bryzgalov with a rebound.
12:11 of 1st period - Shot by Brent Burns.
12:11 of 1st period - Shot Misses the Net.
12:16 of 1st period - Shot by Brent Burns.
12:16 of 1st period - Shot Misses the Net.
14:40 of 1st period - Anze Kopitar is hit by Marek Malik.
14:55 of 1st period - Vyacheslav Kozlov is hit by Marek Malik and loses puck.
15:06 of 1st period - Shot by Patrick Marleau.
15:06 of 1st period - Stopped by Ilya Bryzgalov with a rebound.
15:13 of 1st period - Patrick Marleau is hit by Marek Malik and loses puck.
15:28 of 1st period - Off-side.
15:29 of 1st period - Paul Stastny wins face-off versus Steve Rucchin in neutral zone.
15:29 of 1st period - Paul Stastny is hit by Mike Grier.
15:48 of 1st period - Off-side.
15:49 of 1st period - Anze Kopitar wins face-off versus Petr Cajanek in neutral zone.
15:49 of 1st period - Anze Kopitar is hit by Bryan Allen.
16:01 of 1st period - Shot by Anze Kopitar.
16:01 of 1st period - Shot Misses the Net.
16:03 of 1st period - Shot by Nick Schultz.
16:03 of 1st period - Shot Misses the Net.
16:16 of 1st period - Anze Kopitar is hit by Bryan Allen.
16:34 of 1st period - Icing by Mike Grier.
16:35 of 1st period - Paul Stastny wins face-off versus Steve Rucchin in BlueJackets zone.
16:36 of 1st period - Shot by Andrew Brunette.
16:36 of 1st period - Goal by Andrew Brunette - BlueJackets : 2 - Ducks : 3.
16:37 of 1st period - Teemu Selanne wins face-off versus Paul Stastny in neutral zone.
17:26 of 1st period - Icing by Paul Stastny.
17:27 of 1st period - Paul Stastny wins face-off versus Steve Rucchin in Ducks zone.
18:23 of 1st period - Minor Penalty to Petr Cajanek for Tripping.
18:24 of 1st period - Paul Stastny wins face-off versus Anze Kopitar in neutral zone.
18:49 of 1st period - Shot by Anze Kopitar.
18:49 of 1st period - Shot Blocked by Sean O'Donnell.
18:51 of 1st period - Shot by Nick Schultz.
18:51 of 1st period - Stopped by Ilya Bryzgalov without a rebound.
18:52 of 1st period - Patrick Marleau wins face-off versus Todd Marchant in Ducks zone.
19:28 of 1st period - Teemu Selanne is hit by Chris Pronger and loses puck.

Period #2

0:01 of 2nd period - Patrick Marleau wins face-off versus Todd Marchant in neutral zone.
0:04 of 2nd period - Shot by Patrick Marleau.
0:04 of 2nd period - Stopped by Ilya Bryzgalov without a rebound.
0:05 of 2nd period - Anze Kopitar wins face-off versus Rob Niedermayer in Ducks zone.
1:39 of 2nd period - Shot by Paul Stastny.
1:39 of 2nd period - Deflect By Andrew Brunette.
1:39 of 2nd period - Stopped by Niklas Backstrom without a rebound.
1:40 of 2nd period - Anze Kopitar wins face-off versus Todd Marchant in BlueJackets zone.
2:15 of 2nd period - Shot by Daniel Sedin.
2:15 of 2nd period - Stopped by Niklas Backstrom with a rebound.
2:43 of 2nd period - Shot by Steve Rucchin.
2:43 of 2nd period - Stopped by Ilya Bryzgalov without a rebound.
2:44 of 2nd period - Steve Rucchin wins face-off versus Henrik Sedin in Ducks zone.
3:01 of 2nd period - Rob Niedermayer is hit by Bryan Berard and loses puck.
3:08 of 2nd period - Shot by Henrik Sedin.
3:08 of 2nd period - Stopped by Niklas Backstrom with a rebound.
3:10 of 2nd period - Shot by Marek Malik.
3:10 of 2nd period - Stopped by Niklas Backstrom without a rebound.
3:11 of 2nd period - Alexander Svitov wins face-off versus Todd Marchant in BlueJackets zone.
3:16 of 2nd period - Shot by Mike Sillinger.
3:16 of 2nd period - Stopped by Niklas Backstrom with a rebound.
3:18 of 2nd period - Shot by Todd Marchant.
3:18 of 2nd period - Shot Blocked by Jason Smith.
3:22 of 2nd period - Shot by Daniel Sedin.
3:22 of 2nd period - Shot Blocked by Jason Smith.
3:24 of 2nd period - Shot by Francois Beauchemin.
3:24 of 2nd period - Stopped by Niklas Backstrom with a rebound.
3:29 of 2nd period - Minor Penalty to Jason Smith for Hooking.
3:30 of 2nd period - Rob Niedermayer wins face-off versus Dan Fritsche in BlueJackets zone.
3:43 of 2nd period - Shot by Andrew Brunette.
3:43 of 2nd period - Stopped by Niklas Backstrom without a rebound.
3:44 of 2nd period - Teemu Selanne wins face-off versus Andrew Brunette in BlueJackets zone.
3:59 of 2nd period - Icing by Chris Pronger.
4:00 of 2nd period - Paul Stastny wins face-off versus Teemu Selanne in Ducks zone.
4:24 of 2nd period - Off-side.
4:25 of 2nd period - Dan Fritsche wins face-off versus Richard Park in neutral zone.
4:38 of 2nd period - Shot by Chris Pronger.
4:38 of 2nd period - Stopped by Niklas Backstrom with a rebound.
4:42 of 2nd period - Shot by Mike Fisher.
4:42 of 2nd period - Shot Misses the Net.
4:44 of 2nd period - Shot by Chris Pronger.
4:44 of 2nd period - Shot Misses the Net.
4:46 of 2nd period - Shot by Chris Pronger.
4:46 of 2nd period - Stopped by Niklas Backstrom without a rebound.
4:47 of 2nd period - Paul Stastny wins face-off versus Dan Fritsche in BlueJackets zone.
6:32 of 2nd period - Mike Sillinger is hit by Jason Smith and loses puck.
6:36 of 2nd period - Icing by Teemu Selanne.
6:37 of 2nd period - Petr Cajanek wins face-off versus Patrick Marleau in BlueJackets zone.
7:04 of 2nd period - Icing by Rob Niedermayer.
7:05 of 2nd period - Petr Cajanek wins face-off versus Anze Kopitar in Ducks zone.
7:47 of 2nd period - Shot by Anze Kopitar.
7:47 of 2nd period - Shot Blocked by Hal Gill.
8:00 of 2nd period - Off-side.
8:01 of 2nd period - Todd Marchant wins face-off versus Steve Rucchin in neutral zone.
8:01 of 2nd period - Todd Marchant is hit by Jason Chimera.
8:09 of 2nd period - Shot by Daniel Sedin.
8:09 of 2nd period - Goal by Daniel Sedin - BlueJackets : 2 - Ducks : 4.
8:09 of 2nd period - Jaroslav Halak enters game.
8:10 of 2nd period - Todd Marchant wins face-off versus Patrick Marleau in neutral zone.
8:17 of 2nd period - Shot by Mike Sillinger.
8:17 of 2nd period - Shot Misses the Net.
8:24 of 2nd period - Teemu Selanne is hit by Francois Beauchemin and loses puck.
8:27 of 2nd period - Shot by Jason Smith.
8:27 of 2nd period - Stopped by Ilya Bryzgalov without a rebound.
8:28 of 2nd period - Steve Rucchin wins face-off versus Henrik Sedin in Ducks zone.
8:55 of 2nd period - Shot by Daniel Sedin.
8:55 of 2nd period - Shot Misses the Net.
8:59 of 2nd period - Shot by Daniel Sedin.
8:59 of 2nd period - Stopped by Jaroslav Halak without a rebound.
9:00 of 2nd period - Fredrik Modin wins face-off versus Todd Marchant in BlueJackets zone.
9:11 of 2nd period - Shot by Anze Kopitar.
9:11 of 2nd period - Shot Blocked by Francois Beauchemin.
9:13 of 2nd period - Shot by Anze Kopitar.
9:13 of 2nd period - Stopped by Ilya Bryzgalov without a rebound.
9:14 of 2nd period - Paul Stastny wins face-off versus Patrick Marleau in Ducks zone.
9:27 of 2nd period - Shot by Rob Niedermayer.
9:27 of 2nd period - Shot Misses the Net.
9:29 of 2nd period - Shot by Chris Pronger.
9:29 of 2nd period - Stopped by Jaroslav Halak without a rebound.
9:30 of 2nd period - Henrik Sedin wins face-off versus Anze Kopitar in BlueJackets zone.
9:48 of 2nd period - Shot by Daniel Sedin.
9:48 of 2nd period - Shot Misses the Net.
9:50 of 2nd period - Shot by Mike Fisher.
9:50 of 2nd period - Deflect By Daniel Sedin.
9:50 of 2nd period - Shot Misses the Net.
9:52 of 2nd period - Shot by Daniel Sedin.
9:52 of 2nd period - Deflect By Henrik Sedin.
9:52 of 2nd period - Shot Misses the Net.
9:54 of 2nd period - Shot by Mike Fisher.
9:54 of 2nd period - Stopped by Jaroslav Halak with a rebound.
10:30 of 2nd period - Shot by Teemu Selanne.
10:30 of 2nd period - Shot Blocked by Francois Beauchemin.
10:48 of 2nd period - Jason Smith is hit by Paul Stastny and loses puck.
11:01 of 2nd period - Shot by Teemu Selanne.
11:01 of 2nd period - Shot Misses the Net.
12:07 of 2nd period - Shot by Jason Chimera.
12:07 of 2nd period - Shot Misses the Net.
12:11 of 2nd period - Shot by Jason Chimera.
12:11 of 2nd period - Stopped by Ilya Bryzgalov without a rebound.
12:12 of 2nd period - Fredrik Modin wins face-off versus Henrik Sedin in Ducks zone.
12:27 of 2nd period - Shot by Dan Fritsche.
12:27 of 2nd period - Stopped by Ilya Bryzgalov with a rebound.
12:29 of 2nd period - Shot by Fredrik Modin.
12:29 of 2nd period - Deflect By Anze Kopitar.
12:29 of 2nd period - Stopped by Ilya Bryzgalov without a rebound.
12:30 of 2nd period - Steve Rucchin wins face-off versus Paul Stastny in Ducks zone.
13:00 of 2nd period - Shot by Paul Stastny.
13:00 of 2nd period - Shot Blocked by Dan Girardi.
13:02 of 2nd period - Shot by Andrew Brunette.
13:02 of 2nd period - Shot Misses the Net.
13:34 of 2nd period - Minor Penalty to Henrik Sedin for Hooking.
13:35 of 2nd period - Anze Kopitar wins face-off versus Dean Mcammond in BlueJackets zone.
13:50 of 2nd period - Brent Burns is hit by Sean O'Donnell and loses puck.
14:03 of 2nd period - Shot by Brent Burns.
14:03 of 2nd period - Stopped by Ilya Bryzgalov without a rebound.
14:04 of 2nd period - Rob Niedermayer wins face-off versus Patrick Marleau in Ducks zone.
14:10 of 2nd period - Icing by Vyacheslav Kozlov.
14:11 of 2nd period - Rob Niedermayer wins face-off versus Patrick Marleau in BlueJackets zone.
14:19 of 2nd period - Icing by Jason Smith.
14:20 of 2nd period - Todd Marchant wins face-off versus Patrick Marleau in BlueJackets zone.
15:51 of 2nd period - Shot by Mike Fisher.
15:51 of 2nd period - Stopped by Jaroslav Halak with a rebound.
18:39 of 2nd period - Shot by Christian Ehrhoff.
18:39 of 2nd period - Stopped by Ilya Bryzgalov without a rebound.
18:40 of 2nd period - Todd Marchant wins face-off versus Steve Rucchin in Ducks zone.
18:44 of 2nd period - Minor Penalty to Dan Girardi for Slashing.
18:45 of 2nd period - Teemu Selanne wins face-off versus Paul Stastny in BlueJackets zone.
18:53 of 2nd period - Off-side.
18:54 of 2nd period - Rob Niedermayer wins face-off versus Teemu Selanne in neutral zone.
19:03 of 2nd period - Shot by Daniel Sedin.
19:03 of 2nd period - Stopped by Jaroslav Halak with a rebound.
19:05 of 2nd period - Shot by Francois Beauchemin.
19:05 of 2nd period - Shot Misses the Net.
19:07 of 2nd period - Shot by Francois Beauchemin.
19:07 of 2nd period - Stopped by Jaroslav Halak without a rebound.
19:08 of 2nd period - Andrew Brunette wins face-off versus Dan Fritsche in BlueJackets zone.

Period #3

0:01 of 3rd period - Teemu Selanne wins face-off versus Rob Niedermayer in neutral zone.
1:01 of 3rd period - Shot by Mike Fisher.
1:01 of 3rd period - Stopped by Jaroslav Halak with a rebound.
1:03 of 3rd period - Shot by Bryan Allen.
1:03 of 3rd period - Stopped by Jaroslav Halak without a rebound.
1:04 of 3rd period - Petr Cajanek wins face-off versus Dan Fritsche in BlueJackets zone.
1:30 of 3rd period - Off-side.
1:31 of 3rd period - Todd Marchant wins face-off versus Patrick Marleau in neutral zone.
1:36 of 3rd period - Icing by Vyacheslav Kozlov.
1:37 of 3rd period - Todd Marchant wins face-off versus Patrick Marleau in BlueJackets zone.
1:38 of 3rd period - Shot by Daniel Sedin.
1:38 of 3rd period - Stopped by Jaroslav Halak without a rebound.
1:39 of 3rd period - Todd Marchant wins face-off versus Patrick Marleau in BlueJackets zone.
1:40 of 3rd period - Shot by Daniel Sedin.
1:40 of 3rd period - Shot Blocked by Teemu Selanne.
2:08 of 3rd period - Shot by Daniel Sedin.
2:08 of 3rd period - Shot Misses the Net.
2:26 of 3rd period - Shot by Mike Fisher.
2:26 of 3rd period - Shot Blocked by Jason Smith.
2:28 of 3rd period - Shot by Bryan Allen.
2:28 of 3rd period - Shot Misses the Net.
2:30 of 3rd period - Shot by Marek Malik.
2:30 of 3rd period - Shot Misses the Net.
3:36 of 3rd period - Fredrik Modin is hit by Paul Stastny and loses puck.
4:36 of 3rd period - Off-side.
4:37 of 3rd period - Steve Rucchin wins face-off versus Henrik Sedin in neutral zone.
4:54 of 3rd period - Shot by Mike Fisher.
4:54 of 3rd period - Shot Misses the Net.
4:56 of 3rd period - Shot by Dean Mcammond.
4:56 of 3rd period - Shot Misses the Net.
5:00 of 3rd period - Shot by Henrik Sedin.
5:00 of 3rd period - Stopped by Jaroslav Halak with a rebound.
5:05 of 3rd period - Icing by Dan Girardi.
5:06 of 3rd period - Paul Stastny wins face-off versus Steve Rucchin in BlueJackets zone.
5:33 of 3rd period - Vyacheslav Kozlov is hit by Rob Niedermayer and loses puck.
6:00 of 3rd period - Shot by Hal Gill.
6:00 of 3rd period - Shot Misses the Net.
6:02 of 3rd period - Shot by Hal Gill.
6:02 of 3rd period - Shot Misses the Net.
6:06 of 3rd period - Shot by Daniel Sedin.
6:06 of 3rd period - Stopped by Jaroslav Halak without a rebound.
6:07 of 3rd period - Steve Rucchin wins face-off versus Henrik Sedin in BlueJackets zone.
6:22 of 3rd period - Shot by Mike Grier.
6:22 of 3rd period - Shot Misses the Net.
6:38 of 3rd period - Shot by Daniel Sedin.
6:38 of 3rd period - Stopped by Jaroslav Halak without a rebound.
6:39 of 3rd period - Petr Cajanek wins face-off versus Alexander Svitov in BlueJackets zone.
7:06 of 3rd period - Shot by Rob Niedermayer.
7:06 of 3rd period - Stopped by Jaroslav Halak with a rebound.
7:19 of 3rd period - Off-side.
7:20 of 3rd period - Paul Stastny wins face-off versus Anze Kopitar in neutral zone.
7:32 of 3rd period - Shot by Paul Stastny.
7:32 of 3rd period - Shot Blocked by Nick Schultz.
7:34 of 3rd period - Shot by Andrew Brunette.
7:34 of 3rd period - Stopped by Jaroslav Halak without a rebound.
7:35 of 3rd period - Dan Fritsche wins face-off versus Todd Marchant in BlueJackets zone.
7:53 of 3rd period - Shot by Daniel Sedin.
7:53 of 3rd period - Shot Misses the Net.
7:55 of 3rd period - Shot by Hal Gill.
7:55 of 3rd period - Shot Misses the Net.
8:25 of 3rd period - Icing by Bryan Allen.
8:26 of 3rd period - Steve Rucchin wins face-off versus Henrik Sedin in Ducks zone.
8:26 of 3rd period - Mike Grier is hit by Bryan Allen and loses puck.
8:35 of 3rd period - Shot by Paul Stastny.
8:35 of 3rd period - Deflect By Mike Fisher.
8:35 of 3rd period - Stopped by Jaroslav Halak with a rebound.
8:39 of 3rd period - Shot by Paul Stastny.
8:39 of 3rd period - Shot Misses the Net.
8:41 of 3rd period - Shot by Bryan Allen.
8:41 of 3rd period - Stopped by Jaroslav Halak without a rebound.
8:42 of 3rd period - Patrick Marleau wins face-off versus Paul Stastny in BlueJackets zone.
9:15 of 3rd period - Shot by Vyacheslav Kozlov.
9:15 of 3rd period - Shot Hit the Post.
9:58 of 3rd period - Shot by Jason Chimera.
9:58 of 3rd period - Shot Misses the Net.
10:12 of 3rd period - Shot by Jason Chimera.
10:12 of 3rd period - Shot Misses the Net.
10:14 of 3rd period - Shot by Jason Chimera.
10:14 of 3rd period - Stopped by Ilya Bryzgalov with a rebound.
10:33 of 3rd period - Chris Pronger is hit by Nick Schultz and loses puck.
11:42 of 3rd period - Shot by Todd Marchant.
11:42 of 3rd period - Stopped by Jaroslav Halak without a rebound.
11:43 of 3rd period - Patrick Marleau wins face-off versus Todd Marchant in BlueJackets zone.
11:56 of 3rd period - Shot by Mike Sillinger.
11:56 of 3rd period - Stopped by Jaroslav Halak with a rebound.
11:58 of 3rd period - Shot by Todd Marchant.
11:58 of 3rd period - Stopped by Jaroslav Halak with a rebound.
12:04 of 3rd period - Shot by Mike Sillinger.
12:04 of 3rd period - Stopped by Jaroslav Halak without a rebound.
12:05 of 3rd period - Henrik Sedin wins face-off versus Steve Rucchin in BlueJackets zone.
12:28 of 3rd period - Shot by Mike Grier.
12:28 of 3rd period - Stopped by Ilya Bryzgalov with a rebound.
12:42 of 3rd period - Shot by Jason Chimera.
12:42 of 3rd period - Stopped by Ilya Bryzgalov without a rebound.
12:43 of 3rd period - Todd Marchant wins face-off versus Patrick Marleau in Ducks zone.
12:43 of 3rd period - Todd Marchant is hit by Vyacheslav Kozlov.
12:44 of 3rd period - Minor Penalty to Patrick Marleau for Slashing.
12:45 of 3rd period - Petr Cajanek wins face-off versus Teemu Selanne in Ducks zone.
13:52 of 3rd period - Shot by Mike Fisher.
13:52 of 3rd period - Stopped by Jaroslav Halak with a rebound.
13:56 of 3rd period - Shot by Daniel Sedin.
13:56 of 3rd period - Stopped by Jaroslav Halak without a rebound.
13:57 of 3rd period - Rob Niedermayer wins face-off versus Fredrik Modin in BlueJackets zone.
14:08 of 3rd period - Shot by Chris Pronger.
14:08 of 3rd period - Shot Blocked by Brent Burns.
14:12 of 3rd period - Shot by Richard Park.
14:12 of 3rd period - Shot Misses the Net.
14:16 of 3rd period - Shot by Chris Pronger.
14:16 of 3rd period - Shot Blocked by Brent Burns.
14:37 of 3rd period - Off-side.
14:38 of 3rd period - Dean Mcammond wins face-off versus Dan Fritsche in neutral zone.
14:48 of 3rd period - Mike Grier is hit by Mike Sillinger and loses puck.
14:53 of 3rd period - Shot by Daniel Sedin.
14:53 of 3rd period - Shot Misses the Net.
14:57 of 3rd period - Shot by Todd Marchant.
14:57 of 3rd period - Shot Misses the Net.
15:13 of 3rd period - Shot by Daniel Sedin.
15:13 of 3rd period - Shot Misses the Net.
15:39 of 3rd period - Shot by Paul Stastny.
15:39 of 3rd period - Stopped by Jaroslav Halak without a rebound.
15:40 of 3rd period - Anze Kopitar wins face-off versus Petr Cajanek in BlueJackets zone.
16:04 of 3rd period - Minor Penalty to Anze Kopitar for Diving.
16:05 of 3rd period - Teemu Selanne wins face-off versus Richard Park in Ducks zone.
16:25 of 3rd period - Shot by Chris Pronger.
16:25 of 3rd period - Shot Blocked by Jason Smith.
16:27 of 3rd period - Shot by Chris Pronger.
16:27 of 3rd period - Shot Blocked by Jason Smith.
16:31 of 3rd period - Shot by Mike Fisher.
16:31 of 3rd period - Shot Misses the Net.
18:03 of 3rd period - Henrik Sedin is hit by Jason Smith and loses puck.
18:10 of 3rd period - Todd Marchant is hit by Jason Chimera and loses puck.
18:34 of 3rd period - Shot by Jason Chimera.
18:34 of 3rd period - Stopped by Ilya Bryzgalov without a rebound.
18:35 of 3rd period - Petr Cajanek wins face-off versus Anze Kopitar in Ducks zone.
18:50 of 3rd period - Mike Sillinger is hit by Brent Burns and loses puck.
18:59 of 3rd period - Shot by Petr Cajanek.
18:59 of 3rd period - Stopped by Jaroslav Halak without a rebound.
19:00 of 3rd period - Henrik Sedin wins face-off versus Patrick Marleau in BlueJackets zone.
19:26 of 3rd period - Off-side.
19:27 of 3rd period - Steve Rucchin wins face-off versus Paul Stastny in neutral zone.
19:29 of 3rd period - Off-side.
19:30 of 3rd period - Todd Marchant wins face-off versus Steve Rucchin in neutral zone.
19:40 of 3rd period - Icing by Bryan Berard.
19:41 of 3rd period - Steve Rucchin wins face-off versus Paul Stastny in BlueJackets zone.
19:47 of 3rd period - Andrew Brunette is hit by Bryan Berard.


Output by the SimonT Hockey Simulator (STHS) for Stephane Roy -- Original Page W3C XHTML 1.0 Valid